 Dungeon Crawl Stone Soup version 0.29-a0-8-g0446c0dae4 (webtiles) character file.

Game seed: 17668231748732887027

4083 testman the Fighter (level 10, 0/86 HPs)
             Began as a Ghoul Monk on Jan 27, 2022.
             Was an Elder of Hepliaklqana.
             Slain by a killer bee (2 damage)
             ... on level 8 of the Dungeon.
             The game lasted 00:33:14 (7795 turns).

testman the Fighter (Ghoul Monk)                    Turns: 7795, Time: 00:33:14

Health: 0/86       AC:  9    Str: 20    XL:     10   Next: 25%
Magic:  8/11       EV: 15    Int:  5    God:    Hepliaklqana [****..]
Gold:   499        SH:  0    Dex: 11    Spells: 9/9 levels left

rFire   + . .      SeeInvis .     - Unarmed
rCold   + + .      Faith    .   (no shield)
rNeg    + + +      Spirit   .   A - +2 ring mail of Mysticism {Rampage Regen+}
rPois   ∞          Reflect  .   f - +0 helmet
rElec   +          Harm     .   (no cloak)
rCorr   +          Rampage  +   (no gloves)
Will    .....                   G - +0 pair of boots {Fly}
Stlth   +.........              (no amulet)
HPRegen 0.00/turn               h - +4 ring of evasion
MPRegen 0.12/turn               D - ring of resist corrosion

@: brilliant, resistant, attractive, flying, inhibited regen, invisible
A: reduced essence, claws 1, cold resistance 1, negative energy resistance 3,
inhibited regeneration, torment resistance 2
a: Renounce Religion, Recall Ancestor, Ancestor Identity, Transference, Idealise


You were on level 8 of the Dungeon.
You worshipped Hepliaklqana.
Hepliaklqana was greatly pleased with you.
You visited 1 branch of the dungeon, and saw 8 of its levels.
You also visited: Sewer and Bailey.

You collected 709 gold pieces.
You spent 210 gold pieces at shops.

Inventory:

Missiles
 d - 211 stones
 o - a silver boomerang
 p - 4 poisoned darts
 y - a throwing net
 E - 22 boomerangs (quivered)
Armour
 f - a +0 helmet (worn)
 A - the +2 ring mail of Mysticism (worn) {Rampage Regen+}
   (You bought it in a shop on level 4 of the Dungeon)

   Regen:     It increases your rate of health regeneration.
   Rampage:   It bestows one free step when moving towards enemies.
 G - a +0 pair of boots of flying (worn)
Jewellery
 h - a +4 ring of evasion (left claw)
 D - a ring of resist corrosion (right claw)
Wands
 u - a wand of iceblast (25)
 C - a wand of paralysis (9)
 F - a wand of acid (2)
Scrolls
 b - a scroll of vulnerability {unknown}
 l - a scroll of brand weapon {unknown}
 m - a scroll of enchant armour {unknown}
 n - a scroll of holy word {unknown}
 v - a scroll of magic mapping
 x - 6 scrolls of identify {unknown}
 z - a scroll of blinking {unknown}
Potions
 c - 2 potions of degeneration
 e - a potion of cancellation
 g - a potion of brilliance
 i - 3 potions of haste
 j - 2 potions of lignification
 k - a potion of resistance
 q - 2 potions of might
 r - 2 potions of curing
 s - 4 potions of flight


   Skills:
 + Level 11.5 Fighting
 - Level 2.6 Dodging
 - Level 2.1 Stealth
 + Level 11.4 Unarmed Combat
 + Level 3.1 Invocations


You had 9 spell levels left.
You didn't know any spells.
Your spell library contained the following spells:

 Spells                   Type           Power      Damage    Failure   Level
 Animate Skeleton         Necr           0%         N/A       67%         1
 Apportation              Tloc           0%         N/A       67%         1
 Summon Small Mammal      Summ           0%         N/A       67%         1


Dungeon Overview and Level Annotations

Branches:
Dungeon (8/15)             Temple (0/1) D:5           Sewer (visited)
 Bailey (visited)
   Lair: D:8-11

Altars:
Cheibriados
Hepliaklqana
Kikubaaqudgha
Makhleb
Okawaru
Qazlal
Wu Jian

Shops:
D:4 [   D:5 (   D:7 =


Innate Abilities, Weirdness & Mutations

Your life essence is reduced to manifest your ancestor. (-10% HP)
You thrive by killing the living.
You are immune to poison.
You have sharp fingernails.
Your flesh is cold resistant. (rC+)
You are immune to negative energy. (rN+++)
You do not regenerate when monsters are visible.
You are immune to unholy pain and torment.


Message History

The centaur shoots an arrow.
The arrow misses you.
The centaur shoots an arrow.
The arrow hits you.
* * * LOW HITPOINT WARNING * * *
The centaur shoots an arrow.
The arrow closely misses you.
It was a potion of brilliance.
You feel clever all of a sudden.
The centaur shoots an arrow.
The arrow hits you.
* * * LOW HITPOINT WARNING * * *
It was a potion of lignification.
You feel woody for a moment.
The centaur shoots an arrow.
The arrow hits you.
* * * LOW HITPOINT WARNING * * *
The centaur shoots an arrow.
The arrow closely misses you.
It was a potion of resistance.
You feel protected.
It was a potion of attraction.
You feel attractive to monsters.
The centaur shoots an arrow.
The arrow misses you.
The arrow barely misses the two-headed ogre.
The centaur is attracted toward you.
It was a potion of invisibility.
You fade into invisibility!
The centaur unwields a +0 shortbow.
The centaur completely misses you. The centaur misses you.
The two-headed ogre hits you with a +0 giant club.
* * * LOW HITPOINT WARNING * * *
The two-headed ogre misses you.
The centaur hits you but does no damage.
The centaur misses you.
The two-headed ogre is attracted toward you.
The centaur is attracted toward you.
The two-headed ogre is attracted toward you.
The centaur is attracted toward you. The killer bee is attracted toward you.
You rampage towards the killer bee!
The two-headed ogre is attracted toward you.
The killer bee is attracted toward you. The centaur is attracted toward you.
The killer bee buzzes angrily.
The killer bee closely misses you. x2; The killer bee is attracted toward you.
The centaur is attracted toward you. The killer bee stings you.
You die...

##..#................
##.[........§....# ...
##.......#####§...#....
#....##..# #§........
#... ##.#####.§.......
#..##†..##.§...(.....
##..#y##...c####......
##....y.#..Oy.## ##....
##.....§###.y.@.# ....
#.......##..###..# ...
#...............<...
..........#.........#
......#..###.##.#####
.#......## ..#...
###.#... #..... ##....
.... #..?. ....


You could see a two-headed ogre, a centaur and 2 killer bees.

Vanquished Creatures
  An orc knight (Bailey)
  A cyclops (D:7)
  Eustachio (D:4)
  Duvessa (D:7)
  A sky beast (D:6)
  5 orc warriors (Bailey)
  Pargi (Sewer)
  2 ice beasts
  7 ogres
  2 centaurs (D:7)
  A phantom (D:7)
  Dowan (D:7)
  6 killer bees
  A bullfrog skeleton (D:7)
  3 hounds
  2 jellies
  2 centaur zombies
  An orc priest (D:4)
  3 centaur skeletons
  2 iguanas
  Natasha (twice) (D:3)
  An orc wizard (D:4)
  A killer bee zombie (D:7)
  A hound skeleton (D:5)
  Robin (D:4)
  A howler monkey zombie (D:7)
  2 gnolls
  3 adders
  2 river rats (D:5)
  2 white imps (D:7)
  2 adder skeletons (D:4)
  2 worms
  4 dart slugs
  18 orcs
  8 ball pythons
  14 bats
  8 endoplasms
  A giant cockroach (D:3)
  22 goblins
  16 hobgoblins
  6 jackals
  13 kobolds
  6 quokkas
  4 frilled lizards
  7 rats
191 creatures vanquished.

Vanquished Creatures (collateral kills)
  A centaur (D:7)
  A bullfrog (D:7)
  A killer bee (D:8)
  Natasha (D:3)
  An orc wizard (D:4)
  An adder (D:3)
  A shadow imp (D:6)
  6 orcs
  6 goblins
  2 hobgoblins (D:4)
  A jackal (D:4)
  5 kobolds (Bailey)
27 creatures vanquished.

Vanquished Creatures (others)
  5 hexers
5 creatures vanquished.

Grand Total: 223 creatures vanquished

Notes
Turn   | Place    | Note
-------+----------+-------------------------------------------
     0 | D:1      | testman the Ghoul Monk began the quest for the Orb.
     0 | D:1      | Reached XP level 1. HP: 19/19 MP: 0/0
   145 | D:1      | Reached XP level 2. HP: 18/27 MP: 1/1
   406 | D:1      | Reached XP level 3. HP: 13/33 MP: 2/2
  1374 | D:2      | Reached XP level 4. HP: 32/41 MP: 3/3
  2113 | D:3      | Found a faded altar of an unknown god.
  2122 | D:3      | Prayed at the altar of an unknown god.
  2122 | D:3      | Became a worshipper of Hepliaklqana the Forgotten
  2122 | D:3      | Reached * piety under Hepliaklqana
  2122 | D:3      | Reached ** piety under Hepliaklqana
  2123 | D:3      | Remembered your ancestor Zayda as a hexer
  2152 | D:3      | Noticed Natasha
  2161 | D:3      | Killed Natasha
  2162 | D:3      | Reached skill level 5 in Fighting
  2162 | D:3      | Reached skill level 5 in Unarmed Combat
  2162 | D:3      | Reached XP level 5. HP: 23/43 MP: 4/4
  2229 | D:3      | Noticed Natasha
  2242 | D:3      | Killed Natasha
  2459 | D:3      | Reached *** piety under Hepliaklqana
  2514 | D:3      | Noticed an ice beast
  2523 | D:3      | Killed an ice beast
  2524 | D:3      | Reached XP level 6. HP: 49/51 MP: 5/5
  2917 | D:3      | Noticed Natasha
  2924 | D:3      | Killed Natasha
  3174 | D:4      | Noticed Eustachio
  3203 | D:4      | Killed Eustachio
  3204 | D:4      | Reached XP level 7. HP: 48/57 MP: 6/6
  3280 | D:4      | Found Latoco's Armour Shoppe.
  3301 | D:4      | Noticed Robin
  3312 | D:4      | Killed Robin
  3686 | D:4      | Found an iron altar of Okawaru.
  3693 | D:4      | Reached XP level 8. HP: 65/65 MP: 7/7
  4130 | D:5      | Entered Level 5 of the Dungeon
  4130 | D:5      | Reached **** piety under Hepliaklqana
  4160 | D:5      | Found a burning altar of Makhleb.
  4232 | D:5      | Found a glowing drain.
  4236 | Sewer    | Entered a sewer
  4466 | Sewer    | Noticed Pargi
  4477 | Sewer    | Killed Pargi
  4730 | D:5      | Found a staircase to the Ecumenical Temple.
  4801 | D:5      | Found Jemnyijo's Weapon Boutique.
  5296 | D:6      | Found an ornate altar of the Wu Jian Council.
  5585 | D:4      | Bought the +2 ring mail of Mysticism {Rampage Regen+} for
                  | 210 gold pieces
  5774 | D:6      | Reached XP level 9. HP: 68/74 MP: 8/8
  6148 | D:7      | Found Alecihuc's Jewellery Shoppe.
  6205 | D:7      | Found a stormy altar of Qazlal.
  6219 | D:7      | Found a flagged portal.
  6233 | Bailey   | Entered a bailey
  6240 | Bailey   | Noticed an orc knight
  6276 | Bailey   | Reached skill level 10 in Unarmed Combat
  6281 | Bailey   | Reached skill level 10 in Fighting
  6415 | Bailey   | Killed an orc knight
  6604 | Bailey   | Identified the +8 battleaxe of the Visionary {freeze, Int+3
                  | Dex+3}
  6733 | D:7      | Noticed Dowan
  6734 | D:7      | Noticed Duvessa
  6746 | D:7      | Killed Duvessa
  6749 | D:7      | Killed Dowan
  6750 | D:7      | Reached skill level 1 in Invocations
  6784 | D:7      | Reached XP level 10. HP: 80/85 MP: 9/9
  7176 | D:7      | Found an ancient bone altar of Kikubaaqudgha.
  7200 | D:7      | Noticed a cyclops
  7208 | D:7      | Killed a cyclops
  7268 | D:7      | Found a snail-covered altar of Cheibriados.
  7606 | D:7      | Found a hazy altar of Hepliaklqana.
  7676 | D:8      | Noticed a two-headed ogre
  7789 | D:8      | HP: 2/86 [two-headed ogre (6)]
  7795 | D:8      | Slain by a killer bee

Illustrated notes

Levels and vault maps discovered:
D:1:      dpeg_arrival_subterranean_lakeside_camping, layout_basic,
          chequers_serial_rivers_room_a, minmay_misc_feat_square
D:2:      layout_basic, amethyst_killhole
D:3:      layout_basic, shapermc_ecumenical_altar_venn, serial_glass,
          glass_columns_a, glass_columns_a, uniq_natasha
D:4:      layout_basic, kennysheep_okawaru_gauntlet, serial_shops,
          nicolae_inconvenience_store, serial_corexii_hall,
          corexii_hall_statues_s, corexii_hall_statues_x,
          corexii_hall_statues_x, corexii_hall_statues_l, uniq_eustachio,
          uniq_robin
D:5:      layout_rooms, mainiacjoe_overflow_tiny_flanked, temple_pool_b,
          serial_shops, nicolae_shop_hallway_plus, serial_aquarium,
          aquarium_bridge_square [aquarium_subvault_wall,
          aquarium_subvault_wall, aquarium_subvault_wall,
          aquarium_subvault_bridge], aquarium_window_1, aquarium_window_1,
          aquarium_window_fake, aquarium_window_fake, aquarium_view_2a,
          gup_sewer_entry_spiral, solitary_fountain
D:6:      layout_loops_cross, nzn_wu_jian_council_hall
D:7:      layout_loops_corners, grunt_qazlal_clouds, kennysheep_little_box,
          mainiacjoe_overflow_paths, worldfamousw_hep_ancestral_shrine,
          enter_bailey_5, serial_shops, shop, grunt_ministairs_8, uniq_duvessa
D:8:      layout_cave_pools, uniq_maurice

Skill      XL: |  1  2  3  4  5  6  7  8  9 10 |
---------------+-------------------------------+-----
Fighting       | 4 5 6 7 9 11 | 11.5
Unarmed Combat | 4 5 6 7 9 11 | 11.4
Invocations    | 1 3 |  3.1
Dodging        | |  2.6
Stealth        | |  2.1

Action                   |  1- 3 |  4- 6 |  7- 9 | 10-12 || total
-------------------------+-------+-------+-------+-------++-------
Melee: Unarmed           |   118 |   161 |   315 |    44 ||   638
       Punch             |     1 |     2 |    12 |     3 ||    18
Throw: Stone             |       |     1 |       |       ||     1
       Dart              |       |       |     6 |       ||     6
       Boomerang         |       |       |     4 |     1 ||     5
Invok: Ancestor Life: He |       |     1 |       |       ||     1
       Transference      |       |       |     1 |     1 ||     2
       Idealise          |       |       |       |     1 ||     1
  Use: Potion            |       |       |     3 |     6 ||     9
       Scroll            |       |       |     3 |     1 ||     4
 Stab: Sleeping          |     3 |     4 |     2 |     1 ||    10
       Confused          |       |     1 |     1 |       ||     2
       Distracted        |       |       |     4 |     1 ||     5
Armor: Robe              |    26 |    18 |       |       ||    44
       Leather armour    |       |    10 |    11 |       ||    21
       Ring mail         |       |       |    51 |    13 ||    64
Dodge: Dodged            |    86 |   108 |   200 |    54 ||   448

Table legend: (Time is in decaauts)
 A = Elapsed time spent in this place.
 B = Non-inter-level travel time spent in this place.
 C = Inter-level travel time spent in this place.
 D = Time resting spent in this place.
 E = Time spent auto-exploring this place.
 F = Levels seen in this place.
 G = Mean time per level.
                   A        B        C        D        E       F      G
               +--------+--------+--------+--------+--------+-----+--------+
         Total |   7756 |   7277 |    479 |   1010 |   4558 |  10 |  775.6 |
       Dungeon |   7025 |   6546 |    479 |    746 |   4429 |   8 |  878.1 |
         Sewer |    298 |    298 |      0 |    203 |     15 |   1 |  298.0 |
        Bailey |    432 |    432 |      0 |     61 |    114 |   1 |  432.0 |
               +--------+--------+--------+--------+--------+-----+--------+

Top non-repeatable levels by time:
     D:1: 1337 daAuts
     D:7: 1199 daAuts
     D:4: 1101 daAuts
     D:3: 1049 daAuts
     D:5: 857 daAuts
     D:2: 730 daAuts
     D:6: 695 daAuts
  Bailey: 432 daAuts
   Sewer: 298 daAuts
     D:8: 54 daAuts
